General information
- name: BNet
- type: Ladder team game (AT/RT)
- host: Battle.net
- saver: dogsandhorse.ru
map: Highperch
- players: 6
- length: 23:59
- speed: Fast
- version: 1.21 W3XP
- replay type:

» download(173 KB)
Players
team 1 (loser)
D-A-R-K_L-I-N-E (
green | 107 APM | 2511 actions | 23:22)
3 Death Knight
2 Death Coil
1 Unholy Aura
» actions
| Assign group hotkey | 223 | |
| Basic commands | 157 | |
| Build / train | 65 | |
| Enter build submenu | 19 | |
| Enter hero's abilities submenu | 3 | |
| Remove unit from queue | 1 | |
| Right click | 1284 | |
| Select / deselect | 323 | |
| Select group hotkey | 373 | |
| Use ability | 63 | |
2511 total
» units
| Acolyte | 16 | |
| Ghoul | 3 | |
| Crypt Fiend | 12 | |
| Meatwagon | 1 | |
| Frost Wyrm | 5 | |
| Wind Rider | 11 | |
48 total
» upgrades
| Web | 1 | |
| Freezing Breath | 1 | |
| Envenomed Spears | 1 | |
3 total
» buildings
| Crypt | 1 | |
| Graveyard | 1 | |
| Altar of Darkness | 1 | |
| Ziggurat | 15 | |
| Tomb of Relics | 1 | |
| Nerubian Tower | 2 | |
| Halls of the Dead | 2 | |
| Black Citadel | 1 | |
| Slaughterhouse | 2 | |
| Sacrificial Pit | 1 | |
| Boneyard | 2 | |
| Spirit Tower | 2 | |
31 total
» build order
00:11 Crypt
00:15 Graveyard
00:53 Altar of Darkness
01:08 Ziggurat
01:37 Tomb of Relics
02:28 Ziggurat
02:30 Ziggurat
03:56 Nerubian Tower
05:51 Halls of the Dead
05:52 Halls of the Dead
06:19 Ziggurat
06:20 Ziggurat
06:21 Ziggurat
10:04 Black Citadel
10:24 Slaughterhouse
10:25 Slaughterhouse
11:48 Sacrificial Pit
13:14 Boneyard
13:16 Boneyard
16:08 Ziggurat
16:47 Ziggurat
16:49 Ziggurat
16:50 Ziggurat
16:52 Ziggurat
16:55 Ziggurat
17:54 Ziggurat
18:00 Nerubian Tower
18:02 Spirit Tower
21:51 Spirit Tower
21:58 Ziggurat
22:04 Ziggurat
» items
moreXP (
purple | 111 APM | 2652 actions | 23:56)
2 Blademaster
1 Wind Walk
1 Critical Strike
1 Shadow Hunter
1 Hex
» actions
| Assign group hotkey | 42 | |
| Basic commands | 31 | |
| Build / train | 63 | |
| Enter build submenu | 15 | |
| Enter hero's abilities submenu | 3 | |
| Give item / drop item | 1 | |
| Remove unit from queue | 4 | |
| Right click | 1323 | |
| Select / deselect | 560 | |
| Select group hotkey | 526 | |
| Use ability | 84 | |
2652 total
» units
| Peon | 8 | |
| Grunt | 4 | |
| Raider | 2 | |
| Demolisher | 5 | |
| Wind Rider | 8 | |
| Troll Batrider | 2 | |
29 total
» upgrades
| Berserker Strength | 1 | |
| Ensnare | 1 | |
| Burning Oil | 1 | |
| Envenomed Spears | 1 | |
| Armor | 1 | |
| Melee Weapons | 0 | |
| Ranged Weapons | 1 | |
6 total
» buildings
| Altar of Storms | 1 | |
| Orc Burrow | 6 | |
| Barracks | 2 | |
| Voodoo Lounge | 1 | |
| Stronghold | 2 | |
| Beastiary | 3 | |
| War Mill | 1 | |
| Fortress | 2 | |
18 total
» build order
00:03 Altar of Storms
00:20 Orc Burrow
00:35 Barracks
01:31 Orc Burrow
01:49 Voodoo Lounge
02:47 Stronghold
02:47 Stronghold
04:40 Orc Burrow
05:13 Beastiary
05:16 Beastiary
05:40 Beastiary
06:13 War Mill
07:16 Orc Burrow
09:14 Orc Burrow
09:29 Orc Burrow
11:18 Fortress
11:18 Fortress
20:38 Barracks
» items
| Healing Salve | 4 | |
| Scroll of Speed | 2 | |
| Boots of Speed | 1 | |
| Dust of Appearance | 1 | |
8 total

»
skyline_r34gtr (
yellow | 62 APM | 1228 actions | 19:44)
4 Blademaster
2 Wind Walk
2 Critical Strike
» actions
| Assign group hotkey | 4 | |
| Basic commands | 3 | |
| Build / train | 68 | |
| Enter build submenu | 14 | |
| Enter hero's abilities submenu | 4 | |
| Give item / drop item | 5 | |
| Remove unit from queue | 2 | |
| Right click | 798 | |
| Select / deselect | 254 | |
| Select group hotkey | 27 | |
| Use ability | 49 | |
1228 total
» units
| Peon | 13 | |
| Grunt | 6 | |
| Troll Batrider | 12 | |
| Demolisher | 4 | |
35 total
» upgrades
| Ranged Weapons | 3 | |
| Armor | 1 | |
| Liquid Fire | 1 | |
| Reinforced Defenses | 1 | |
| Burning Oil | 1 | |
7 total
» buildings
| Altar of Storms | 1 | |
| Orc Burrow | 6 | |
| Barracks | 1 | |
| Voodoo Lounge | 1 | |
| Stronghold | 5 | |
| War Mill | 1 | |
| Beastiary | 2 | |
| Fortress | 1 | |
| Great Hall | 1 | |
19 total
» build order
00:11 Altar of Storms
00:15 Orc Burrow
00:38 Barracks
01:31 Orc Burrow
01:52 Voodoo Lounge
02:58 Stronghold
02:58 Stronghold
02:58 Stronghold
04:09 Orc Burrow
04:13 War Mill
05:13 Orc Burrow
06:00 Beastiary
06:03 Beastiary
06:05 Fortress
06:28 Orc Burrow
13:59 Great Hall
17:05 Orc Burrow
» items
| Healing Salve | 4 | |
| Dust of Appearance | 1 | |
| Orb of Lightning | 1 | |
| Staff of Teleportation | 1 | |
| Potion of Lesser Invulnerability | 1 | |
| Lesser Clarity Potion | 1 | |
| Potion of Mana | 1 | |
10 total
team 2 (winner)
dogsandhorse.ru (
teal | 80 APM | 1921 actions | 23:59)
6 Blademaster
3 Wind Walk
2 Critical Strike
1 Bladestorm
» actions
| Assign group hotkey | 5 | |
| Basic commands | 8 | |
| Build / train | 52 | |
| Enter build submenu | 37 | |
| Enter hero's abilities submenu | 6 | |
| Give item / drop item | 9 | |
| Right click | 1162 | |
| Select / deselect | 243 | |
| Select group hotkey | 286 | |
| Use ability | 113 | |
1921 total
» units
» upgrades
| Spiked Barricades | 1 | |
| Armor | 2 | |
| Liquid Fire | 1 | |
4 total
» buildings
| Altar of Storms | 1 | |
| Orc Burrow | 4 | |
| War Mill | 1 | |
| Voodoo Lounge | 1 | |
| Watch Tower | 21 | |
| Stronghold | 1 | |
| Beastiary | 2 | |
| Fortress | 1 | |
32 total
» build order
00:06 Altar of Storms
00:10 Orc Burrow
00:47 War Mill
01:57 Voodoo Lounge
02:01 Watch Tower
02:19 Watch Tower
02:56 Orc Burrow
03:17 Watch Tower
03:30 Watch Tower
03:56 Watch Tower
04:21 Watch Tower
04:42 Watch Tower
05:00 Stronghold
05:42 Watch Tower
05:57 Watch Tower
06:00 Watch Tower
06:18 Watch Tower
06:31 Watch Tower
07:01 Watch Tower
07:31 Watch Tower
07:49 Watch Tower
08:16 Beastiary
08:25 Watch Tower
08:41 Watch Tower
08:56 Watch Tower
09:23 Beastiary
09:35 Watch Tower
10:13 Watch Tower
10:33 Orc Burrow
11:37 Fortress
12:21 Watch Tower
12:24 Orc Burrow
» items
| Healing Salve | 3 | |
| Lesser Clarity Potion | 5 | |
| Boots of Speed | 1 | |
| Staff of Teleportation | 1 | |
| Orb of Lightning | 1 | |
| Scroll of Town Portal | 1 | |
12 total

»
iggy_the_fisk (
orange | 98 APM | 2350 actions | 23:57)
4 Blademaster
2 Wind Walk
2 Critical Strike
» actions
| Assign group hotkey | 176 | |
| Basic commands | 1 | |
| Build / train | 57 | |
| Enter build submenu | 30 | |
| Enter hero's abilities submenu | 4 | |
| Give item / drop item | 1 | |
| Right click | 1498 | |
| Select / deselect | 156 | |
| Select group hotkey | 313 | |
| Use ability | 114 | |
2350 total
» units
| Peon | 17 | |
| Troll Batrider | 12 | |
| Kodo Beast | 2 | |
31 total
» upgrades
| Liquid Fire | 1 | |
| Reinforced Defenses | 1 | |
| Armor | 1 | |
| Ranged Weapons | 1 | |
4 total
» buildings
| Altar of Storms | 1 | |
| Orc Burrow | 3 | |
| War Mill | 1 | |
| Watch Tower | 19 | |
| Voodoo Lounge | 1 | |
| Stronghold | 1 | |
| Great Hall | 1 | |
| Fortress | 1 | |
| Beastiary | 1 | |
29 total
» build order
00:03 Altar of Storms
00:19 Orc Burrow
00:51 War Mill
02:19 Watch Tower
02:32 Voodoo Lounge
02:39 Stronghold
02:49 Watch Tower
03:48 Watch Tower
04:29 Watch Tower
04:56 Watch Tower
05:04 Watch Tower
05:06 Watch Tower
05:34 Orc Burrow
05:53 Watch Tower
06:03 Watch Tower
06:39 Watch Tower
07:05 Great Hall
07:44 Watch Tower
08:43 Fortress
08:46 Beastiary
08:48 Watch Tower
08:49 Watch Tower
08:52 Watch Tower
10:02 Watch Tower
10:06 Orc Burrow
10:17 Watch Tower
10:18 Watch Tower
11:40 Watch Tower
12:23 Watch Tower
» items
| Boots of Speed | 1 | |
| Staff of Teleportation | 1 | |
| Healing Salve | 3 | |
| Scroll of Town Portal | 1 | |
| Lesser Clarity Potion | 4 | |
| Orb of Lightning | 1 | |
| Staff of Sanctuary | 1 | |
12 total
TIMG4STRok (
pink | 76 APM | 1827 actions | 23:57)
3 Archmage
2 Blizzard
1 Brilliance Aura
4 Goblin Tinker
2 Cluster Rockets
2 Engineering Upgrade
» actions
| Assign group hotkey | 14 | |
| Basic commands | 25 | |
| Build / train | 91 | |
| ESC pressed | 2 | |
| Enter build submenu | 51 | |
| Enter hero's abilities submenu | 7 | |
| Right click | 929 | |
| Select / deselect | 214 | |
| Select group hotkey | 354 | |
| Use ability | 140 | |
1827 total
» units
| Peasant | 16 | |
| Priest | 1 | |
| Sorceress | 1 | |
| Dragonhawk Rider | 5 | |
23 total
» upgrades
| Masonry | 3 | |
| Lumber Harvesting | 2 | |
| Magic Sentry | 1 | |
| Armor | 3 | |
| Swords | 2 | |
| Sorceress Training | 1 | |
| Priest Training | 1 | |
| Cloud | 1 | |
14 total
» buildings
| Lumber Mill | 11 | |
| Altar of Kings | 1 | |
| Farm | 9 | |
| Scout Tower | 33 | |
| Arcane Tower | 2 | |
| Guard Tower | 25 | |
| Town Hall | 1 | |
| Keep | 1 | |
| Arcane Sanctum | 1 | |
| Gryphon Aviary | 1 | |
| Castle | 1 | |
| Blacksmith | 1 | |
| Barracks | 1 | |
| Arcane Vault | 2 | |
90 total
» build order
00:16 Lumber Mill
00:34 Altar of Kings
00:36 Farm
01:08 Scout Tower
01:13 Scout Tower
01:43 Arcane Tower
01:51 Farm
02:08 Arcane Tower
02:20 Scout Tower
02:49 Guard Tower
02:50 Scout Tower
02:53 Scout Tower
02:58 Scout Tower
03:29 Guard Tower
03:30 Scout Tower
03:33 Scout Tower
03:34 Guard Tower
04:13 Guard Tower
04:15 Scout Tower
04:17 Guard Tower
04:19 Scout Tower
04:48 Guard Tower
04:49 Scout Tower
04:50 Scout Tower
04:52 Guard Tower
05:41 Town Hall
05:50 Guard Tower
05:51 Scout Tower
05:59 Scout Tower
06:00 Scout Tower
06:01 Scout Tower
06:03 Scout Tower
06:07 Keep
06:12 Guard Tower
06:26 Scout Tower
06:56 Guard Tower
07:10 Guard Tower
07:13 Scout Tower
07:42 Guard Tower
07:52 Guard Tower
07:54 Scout Tower
07:57 Scout Tower
08:02 Guard Tower
08:10 Guard Tower
08:10 Guard Tower
08:23 Guard Tower
08:48 Guard Tower
09:33 Arcane Sanctum
09:52 Scout Tower
09:53 Scout Tower
09:54 Scout Tower
10:05 Gryphon Aviary
10:27 Guard Tower
10:27 Guard Tower
11:30 Guard Tower
11:37 Scout Tower
11:38 Scout Tower
11:39 Scout Tower
13:08 Guard Tower
13:13 Castle
13:16 Blacksmith
13:20 Scout Tower
13:59 Scout Tower
14:00 Scout Tower
14:01 Scout Tower
14:01 Scout Tower
14:02 Scout Tower
14:09 Barracks
14:11 Farm
15:18 Guard Tower
15:24 Farm
15:25 Farm
15:27 Farm
15:29 Farm
15:29 Farm
15:30 Farm
15:35 Arcane Vault
15:37 Arcane Vault
16:44 Guard Tower
21:30 Lumber Mill
21:31 Lumber Mill
21:35 Lumber Mill
21:37 Lumber Mill
21:40 Lumber Mill
21:42 Lumber Mill
21:45 Lumber Mill
22:45 Lumber Mill
22:47 Lumber Mill
23:06 Lumber Mill
» items
| Staff of Teleportation | 2 | |
| Boots of Speed | 2 | |
| Lesser Clarity Potion | 3 | |
| Healing Salve | 2 | |
| Scroll of Speed | 1 | |
| Potion of Mana | 1 | |
| Orb of Lightning | 1 | |
| Staff of Sanctuary | 1 | |
13 total
Chat log
(00:06 / All) iggy_the_fisk: yo
(00:07 / All) iggy_the_fisk: No lag
(00:08 / All) iggy_the_fisk: ok?
(00:09 / All) iggy_the_fisk: thanks?
(00:18 / All) skyline_r34gtr: ok nigga
(00:30 / All) iggy_the_fisk: Lol where u from
(00:42 / All) skyline_r34gtr: zimbabwe
(00:44 / All) skyline_r34gtr: u?
(00:49 / All) iggy_the_fisk: FUCK YOU
(00:53 / All) TIMG4STRok: stfu porch nigger gorillal.
(00:53 / All) iggy_the_fisk: nh jk
(00:54 / All) dogsandhorse.ru: stfu noob
(01:04 / All) skyline_r34gtr: hahah suck my bolt niggaz
(01:57 / All) iggy_the_fisk: Hey
(02:02 / All) iggy_the_fisk: u still there?
(02:07 / All) moreXP: no
(02:13 / All) iggy_the_fisk: ;D
(04:00 / All) TIMG4STRok: MAYBE U GOT owned
(04:26 / All) TIMG4STRok: rolf if i got OWEND i would quit.
(05:29 / All) skyline_r34gtr: omkg naps
(05:38 / All) iggy_the_fisk: LOL leave noob shit
(05:48 / All) dogsandhorse.ru: nope not that side either beitch
(05:51 / All) skyline_r34gtr: ok nigga
(13:54 / All) iggy_the_fisk: QUIT NOOBS
(15:12 / All) TIMG4STRok: GOD euro trash so bad
(15:23 / All) dogsandhorse.ru: we come here from america servers cause they too easy..
(16:06 / All) iggy_the_fisk: QUIT
(16:21 / All) moreXP: you think youre good because you can lame with towers ? lol
(16:28 / All) dogsandhorse.ru: better than u.... lol
(17:47 / All) dogsandhorse.ru: peace shit noobs
(18:12 / All) dogsandhorse.ru: lmao
(18:22 / All) moreXP: hdf tower noob
(18:29 / All) iggy_the_fisk: how u lose to towers
(18:31 / All) iggy_the_fisk: i never understand
(18:42 / All) dogsandhorse.ru: all u gotta do is play like NOT A RETART
(18:55 / All) iggy_the_fisk: instead you suck dicks of a thousand dead dogs...
(18:57 / All) TIMG4STRok: rolfs at attarts
(19:54 / All) dogsandhorse.ru: too much ownage?
(20:11 / All) iggy_the_fisk: u have been owned
(20:28 / All) TIMG4STRok: The Attards have been Vanquisjhed
(21:36 / All) dogsandhorse.ru: peace!
(23:31 / All) dogsandhorse.ru: too much ownage....?
(23:42 / All) moreXP: too much noobshit towers
(23:45 / All) moreXP: maybe